[Event "Titled Tuesday Blitz March 15 Early 2022"]
[White "Manukyan, Sargis A."]
[Black "Dubov, Daniil"]
[WhiteFideId "13303970"]
[BlackFideId "24126055"]
[WhiteElo "2187"]
[BlackElo "2791"]
[Result "0-1"]
[Round "01"]
[TimeControl "180+1"]
[Date "2022.03.15"]
[WhiteClock "0:00:11"]
[BlackClock "0:00:11"]

1. d4 Nf6 2. c4 c5 3. d5 e6 4. Nc3 exd5 5. cxd5 d6 6. Nf3 g6 7. Bf4 Bg7 8. Qa4+ Bd7 9. Qb3 O-O 10. e3 Bf5 11. h3 Na6 12. Be2 Nb4 13. O-O Bc2 14. Qc4 a6 15. a4 Rc8 16. Na2 Bxa4 17. Nxb4 Bb5 18. Qc2 cxb4 19. Qd2 Ne4 20. Qd1 Bxb2 21. Bxb5 axb5 22. Rb1 Nc3 23. Qb3 Nxb1 24. Qxb2 Nc3 25. Bh6 Re8 26. Qxb4 Rc4 27. Qb3 Qa5 28. Kh2 Qa2 29. Qxa2 Nxa2 30. Rb1 b4 31. Bf4 Nc3 32. Rb2 Nxd5 33. Bxd6 Rd8 34. Be5 Rdc8 35. Nd4 Nc3 36. g4 Na4 37. Rb1 Nc5 38. h4 b3 39. h5 Nd3 40. Bf6 b2 41. Nb3 Rc1 42. Rxb2 Nxb2 43. Nxc1 Rxc1 44. Bxb2 Rc2 45. Bd4 Rxf2+ 46. Kg3 Rc2 47. hxg6 hxg6 48. Kf4 b5 49. Kg5 b4 50. e4 b3 51. e5 b2 52. Bxb2 Rxb2 53. Kh6 Rg2 54. e6 fxe6 55. g5 Kf7 0-1


[Site "https://www.chess.com"]

[Event "Titled Tuesday Blitz March 15 Early 2022"]
[White "Marson, Juan Miguel"]
[Black "Shevchenko, Kirill"]
[WhiteFideId "106585"]
[BlackFideId "14129574"]
[WhiteElo "2053"]
[BlackElo "2624"]
[Result "0-1"]
[Round "01"]
[TimeControl "180+1"]
[Date "2022.03.15"]
[WhiteClock "0:00:03"]
[BlackClock "0:00:18"]

1. e4 e5 2. Nf3 Nc6 3. Bb5 a6 4. Ba4 Nf6 5. d4 exd4 6. O-O Be7 7. Re1 O-O 8. e5 Nd5 9. c3 d6 10. Bxc6 bxc6 11. cxd4 Bf5 12. a3 Qd7 13. Nc3 Rab8 14. Qa4 Nxc3 15. bxc3 c5 16. Qxd7 Bxd7 17. Bf4 cxd4 18. exd6 Bxd6 19. Bxd6 cxd6 20. cxd4 Be6 21. Ng5 Bd5 22. Ne4 Rfd8 23. Rac1 h6 24. Nc3 Bc4 25. Rb1 f5 26. f3 Kf7 27. Kf2 g5 28. Ke3 f4+ 29. Kd2 a5 30. Ne4 Bd5 31. Nxd6+ Kg6 32. Nb5 Ba2 33. Rb2 Rxd4+ 34. Kc3 Rc4+ 35. Kd3 Rd8+ 36. Ke2 Re8+ 37. Kf2 Rxe1 38. Kxe1 Rc1+ 39. Kf2 Bc4 40. g3 h5 41. gxf4 gxf4 42. Nd6 Bd3 43. Kg2 Rc6 44. Rb6 Rxb6 0-1


[Site "https://www.chess.com"]

[Event "Titled Tuesday Blitz March 15 Early 2022"]
[White "Maung, Maung Kyaw Zaw Hein"]
[Black "Gurevich, Dmitry"]
[WhiteFideId "13001698"]
[BlackFideId "2000407"]
[WhiteElo "1785"]
[BlackElo "2506"]
[Result "0-1"]
[Round "01"]
[TimeControl "180+1"]
[Date "2022.03.15"]
[WhiteClock "0:00:07"]
[BlackClock "0:00:34"]

1. Nf3 Nf6 2. c4 e6 3. Nc3 d5 4. d4 Be7 5. Bf4 O-O 6. e3 b6 7. Bd3 dxc4 8. Bxc4 Bb7 9. O-O c5 10. Qe2 cxd4 11. Nxd4 Nbd7 12. Nf3 a6 13. Rfd1 b5 14. Bb3 Qb6 15. a3 Nc5 16. Bc2 Rfd8 17. e4 b4 18. axb4 Qxb4 19. e5 Qxf4 20. exf6 Bxf6 21. Ne1 g6 22. Nd3 Qg5 23. Ne1 Qe5 24. Qc4 Rxd1 25. Rxd1 Rc8 26. Qb4 Kg7 27. Qb6 Rd8 28. Nd3 Nxd3 29. Qxb7 Nxb2 30. Rb1 Qxc3 0-1


[Site "https://www.chess.com"]

[Event "Titled Tuesday Blitz March 15 Early 2022"]
[White "Mekhitarian, Krikor Sevag"]
[Black "Dwilewicz, Katarzyna"]
[WhiteFideId "2107660"]
[BlackFideId "1148486"]
[WhiteElo "2598"]
[BlackElo "1907"]
[Result "1-0"]
[Round "01"]
[TimeControl "180+1"]
[Date "2022.03.15"]
[WhiteClock "0:00:05"]
[BlackClock "0:00:03"]

1. e4 c5 2. Nf3 d6 3. d4 cxd4 4. Nxd4 Nf6 5. Nc3 a6 6. a3 e6 7. g4 Be7 8. g5 Nfd7 9. h4 b5 10. Be3 Bb7 11. Qd2 Qc7 12. O-O-O Nc6 13. h5 Nce5 14. f4 Nc4 15. Bxc4 Qxc4 16. f5 e5 17. Nde2 O-O-O 18. Kb1 Qc7 19. Nd5 Bxd5 20. Qxd5 Nb6 21. Qxf7 Nc4 22. Bc1 Bf8 23. Qxc7+ Kxc7 24. Nc3 Nb6 25. Be3 Nc4 26. Nd5+ Kc6 27. Bc1 a5 28. b3 Nb6 29. Be3 Nxd5 30. Rxd5 Be7 31. Kb2 Rhf8 32. Rg1 Rb8 33. Rgd1 Rbd8 34. c3 Rb8 35. Kc2 Rbc8 36. b4 axb4 37. axb4 Ra8 38. Kb3 Ra6 39. c4 bxc4+ 40. Kxc4 Ra4 41. Ra5 Ra8 42. Rxa8 Rxa8 43. Kb3 Rb8 44. Rd5 Rb7 45. Kc4 Rb8 46. Ra5 Rb7 47. b5+ Kc7 48. Kd5 Kd7 49. Ra7 Rxa7 50. Bxa7 Bd8 51. g6 hxg6 52. fxg6 Bg5 53. Bf2 Bd8 54. b6 Be7 55. Be3 Bd8 56. b7 Kc7 57. Bb6+ Kb8 58. Bxd8 1-0


[Site "https://www.chess.com"]

[Event "Titled Tuesday Blitz March 15 Early 2022"]
[White "Miszler, Levente"]
[Black "Beerdsen, Thomas"]
[WhiteFideId "763276"]
[BlackFideId "1030108"]
[WhiteElo "1966"]
[BlackElo "2585"]
[Result "0-1"]
[Round "01"]
[TimeControl "180+1"]
[Date "2022.03.15"]
[WhiteClock "0:01:04"]
[BlackClock "0:01:44"]

1. Nf3 h6 2. c4 g5 3. d4 g4 4. Ne5 d6 5. Nd3 Bg7 6. e3 h5 7. Nc3 Nc6 8. Be2 e5 9. d5 Nce7 10. e4 c5 11. Be3 f5 12. f3 f4 13. Bf2 Nf6 14. Qd2 a6 15. g3 gxf3 16. Bxf3 Bg4 17. Bxg4 Nxg4 18. gxf4 exf4 19. Nxf4 Bh6 20. Bg3 Ng6 21. O-O h4 22. Qe2 hxg3 23. Nxg6 Be3+ 24. Qxe3 Nxe3 25. Rf3 gxh2+ 26. Kh1 Qg5 0-1


[Site "https://www.chess.com"]

[Event "Titled Tuesday Blitz March 15 Early 2022"]
[White "Mortazavi, Ali"]
[Black "Van Foreest, Jorden"]
[WhiteFideId "401323"]
[BlackFideId "1039784"]
[WhiteElo "2339"]
[BlackElo "2609"]
[Result "0-1"]
[Round "01"]
[TimeControl "180+1"]
[Date "2022.03.15"]
[WhiteClock "0:00:09"]
[BlackClock "0:00:35"]

1. Nf3 b6 2. g3 Bb7 3. Bg2 Nf6 4. O-O c5 5. d3 g6 6. e4 Bg7 7. a4 O-O 8. a5 d5 9. e5 Nfd7 10. e6 fxe6 11. Re1 Rf6 12. Nc3 Nc6 13. a6 Bc8 14. Bg5 Rf7 15. Rxe6 Nde5 16. Nxe5 Nxe5 17. Bxd5 Qxd5 18. Nxd5 Bxe6 19. Nc7 Nf3+ 20. Kg2 Nxg5 21. Nxe6 Nxe6 22. c3 Raf8 23. Qb3 Rxf2+ 24. Kg1 Re2 25. Rf1 Bf6 26. Qd1 Rxb2 27. Qg4 Nd4 28. Re1 Nf3+ 29. Kh1 Rxh2# 0-1


[Site "https://www.chess.com"]

[Event "Titled Tuesday Blitz March 15 Early 2022"]
[White "Myshakov, Fyodor"]
[Black "Flis, Pawel"]
[WhiteFideId "14111284"]
[BlackFideId "1112864"]
[WhiteElo "2310"]
[BlackElo "1735"]
[Result "1-0"]
[Round "01"]
[TimeControl "180+1"]
[Date "2022.03.15"]
[WhiteClock "0:00:28"]
[BlackClock "0:00:02"]

1. c4 Nf6 2. Nc3 g6 3. Nf3 Bg7 4. g3 O-O 5. Bg2 d6 6. O-O Nc6 7. d4 a6 8. Bg5 h6 9. Bxf6 Bxf6 10. e3 e5 11. dxe5 Nxe5 12. Nxe5 Bxe5 13. Qd2 Rb8 14. Rac1 Be6 15. b3 Qd7 16. Nd5 c6 17. f4 Bg7 18. Nb6 Qc7 19. Nd5 cxd5 20. cxd5 Qd7 21. dxe6 Qxe6 22. Bd5 Qe7 23. e4 Rbc8 24. Qb4 b5 25. e5 Qa7+ 26. Kh1 dxe5 27. fxe5 Rxc1 28. Rxc1 Bxe5 29. Qe4 Bg7 30. Qxg6 Qe3 31. Rf1 Qe2 32. Qf5 Qe5 33. Bxf7+ Kh8 34. Qxe5 Bxe5 35. Kg2 Kg7 36. Bd5 Rxf1 37. Kxf1 Kf6 38. Ke2 a5 39. Kd3 b4 40. Kc4 Bc7 41. Kc5 Ke5 42. Bf3 Bd8 43. Kc6 Kd4 44. Kd7 Bb6 45. Kc6 Bd8 46. Kd6 Bb6 47. Ke6 Kc3 48. Kf6 Kb2 49. Bc6 Be3 50. h4 Kxa2 51. Ba4 Kb2 52. g4 Kc3 53. g5 hxg5 54. hxg5 Bd4+ 55. Kf7 1-0


[Site "https://www.chess.com"]

[Event "Titled Tuesday Blitz March 15 Early 2022"]
[White "Nagy, Gabor"]
[Black "Ilyasli, Ughur"]
[WhiteFideId "737119"]
[BlackFideId "13416197"]
[WhiteElo "2534"]
[BlackElo "2045"]
[Result "1-0"]
[Round "01"]
[TimeControl "180+1"]
[Date "2022.03.15"]
[WhiteClock "0:01:53"]
[BlackClock "0:00:06"]

1. e4 c5 2. Nf3 Nc6 3. Nc3 d6 4. d4 cxd4 5. Nxd4 Nf6 6. Bc4 e6 7. Be3 a6 8. Qe2 Bd7 9. Bb3 Be7 10. O-O-O Na5 11. g4 Nxb3+ 12. axb3 h5 13. h3 Qa5 14. g5 Nh7 15. h4 Nf8 16. Kb1 Rc8 17. f4 e5 18. Nf5 Ne6 19. Nxe7 Kxe7 20. f5 Rxc3 21. bxc3 Nf4 22. Qd2 d5 23. Bxf4 exf4 24. Qxf4 Rc8 25. Rxd5 Qc7 26. Qxc7 Rxc7 27. Rhd1 Bc6 28. Re5+ Kf8 29. Rd8+ 1-0


[Site "https://www.chess.com"]

[Event "Titled Tuesday Blitz March 15 Early 2022"]
[White "Nakamura, Hikaru"]
[Black "Riehle, Marco"]
[WhiteFideId "2016192"]
[BlackFideId "12904392"]
[WhiteElo "2850"]
[BlackElo "2462"]
[Result "1-0"]
[Round "01"]
[TimeControl "180+1"]
[Date "2022.03.15"]
[WhiteClock "0:01:25"]
[BlackClock "0:01:08"]

1. Nf3 d5 2. b3 c5 3. e3 Nc6 4. Bb2 e6 5. d4 Nf6 6. Nbd2 b6 7. a3 Bb7 8. Bd3 Be7 9. dxc5 bxc5 10. O-O O-O 11. Qe2 Rb8 12. c4 d4 13. exd4 cxd4 14. b4 Re8 15. b5 Na5 16. Nxd4 Bc5 17. N4b3 Be7 18. Rfd1 h6 19. Rac1 Rc8 20. Bb1 Nxb3 21. Nxb3 Qc7 22. Be5 Qb6 23. a4 a5 24. c5 Bxc5 25. Rxc5 Rxc5 26. Bd4 Nd7 27. Nxc5 Nxc5 28. Qc2 Rd8 29. Qh7+ Kf8 30. Bxc5+ Ke8 31. Qh8# 1-0


[Site "https://www.chess.com"]

[Event "Titled Tuesday Blitz March 15 Early 2022"]
[White "Nan, M K Khine Hlyan"]
[Black "Shuvalova, Polina"]
[WhiteFideId "13002899"]
[BlackFideId "24171760"]
[WhiteElo "1943"]
[BlackElo "2355"]
[Result "0-1"]
[Round "01"]
[TimeControl "180+1"]
[Date "2022.03.15"]
[WhiteClock "0:02:24"]
[BlackClock "0:02:32"]

1. e4 c5 2. Nf3 d6 3. d4 cxd4 4. Nxd4 Nf6 5. Nc3 Nc6 6. Bb5 Bd7 7. Bxc6 bxc6 8. O-O g6 9. Be3 Bg7 10. f4 Ng4 11. Qe2 Nxe3 12. Qxe3 Qb6 13. Nce2 O-O 14. Nf5 gxf5 15. Qxb6 axb6 16. exf5 Bxf5 0-1


[Site "https://www.chess.com"]

[Event "Titled Tuesday Blitz March 15 Early 2022"]
[White "Narayanan.S.L"]
[Black "Istvanovszki, Martin"]
[WhiteFideId "5058422"]
[BlackFideId "726958"]
[WhiteElo "2494"]
[BlackElo "2345"]
[Result "1-0"]
[Round "01"]
[TimeControl "180+1"]
[Date "2022.03.15"]
[WhiteClock "0:01:32"]
[BlackClock "0:00:26"]

1. d4 Nf6 2. Bf4 g6 3. Nc3 Bg7 4. e4 d6 5. Qd2 a6 6. O-O-O b5 7. e5 Nfd7 8. Nf3 Bb7 9. Qe3 Nb6 10. e6 fxe6 11. Ng5 Qd7 12. Nxe6 Bf6 13. a3 Nd5 14. Nxd5 Bxd5 15. Ng5 O-O 16. h4 b4 17. axb4 Qa4 18. Qa3 Qc6 19. Bd3 Nd7 20. h5 Bxg5 21. Bxg5 Rxf2 22. hxg6 Be4 23. gxh7+ Kh8 24. Bxe4 Qxe4 25. Qd3 Qg4 26. Bxe7 Re8 27. Rde1 Qxg2 28. d5 Ne5 29. Qc3 Rxe7 30. Reg1 Qxd5 31. Rg8+ Qxg8 32. hxg8=Q+ Kxg8 33. Qg3+ 1-0


[Site "https://www.chess.com"]

[Event "Titled Tuesday Blitz March 15 Early 2022"]
[White "Navalgund, Niranjan"]
[Black "Bryakin, Mikhail"]
[WhiteFideId "5030854"]
[BlackFideId "4165314"]
[WhiteElo "2290"]
[BlackElo "2417"]
[Result "1/2-1/2"]
[Round "01"]
[TimeControl "180+1"]
[Date "2022.03.15"]
[WhiteClock "0:00:24"]
[BlackClock "0:00:10"]

1. e4 c5 2. d4 cxd4 3. c3 Nf6 4. e5 Nd5 5. Nf3 Nc6 6. Bc4 Nb6 7. Bb3 d5 8. exd6 Qxd6 9. O-O g6 10. Ng5 e6 11. Ne4 Qd8 12. Bg5 Be7 13. Bh6 f5 14. Ng3 Bf6 15. Re1 Qd6 16. cxd4 Nxd4 17. Nc3 Bd7 18. Rc1 Kf7 19. Nce4 fxe4 20. Nxe4 Qe7 21. Rc7 Rhd8 22. Rxb7 Nxb3 23. Qxb3 Nd5 24. Qf3 Kg8 25. h4 Bxh4 26. Qg4 Bf6 27. Ng5 Re8 28. Ne4 Bg7 29. Bg5 Nf6 30. Bxf6 Bxf6 31. Rxd7 Qf8 32. Nd6 Re7 33. Rxe7 Qxe7 34. Rxe6 Qf8 35. Qc4 Kh8 36. Ne4 Bg7 37. Ng5 h6 38. Nf3 Rc8 39. Qe4 Qf5 40. Qxf5 gxf5 41. Nh4 Rc1+ 42. Kh2 Bxb2 43. Nxf5 h5 44. Rh6+ Kg8 45. Rxh5 Ra1 46. Ne3 Rxa2 47. g4 Bd4 48. Nd1 a5 49. Rf5 a4 50. Kg3 a3 51. Ra5 Ra1 52. Ne3 Bc3 53. Ra8+ Kf7 54. Nc2 Rc1 55. Nxa3 Ra1 56. Ra7+ Kg6 57. Nb5 Rxa7 58. Nxa7 Kf6 59. Nb5 Bb2 60. f3 Ke5 61. f4+ Kd5 62. Nc7+ Kd6 63. Nb5+ Kc5 64. Nc7 Kd6 65. Ne8+ Kd7 66. Nc7 Kxc7 67. g5 Kd6 68. Kg4 Ke6 69. Kh5 Kf7 70. Kh6 Kg8 71. f5 Bc1 72. Kg6 Bxg5 73. Kxg5 Kf7 74. Kh5 Kf6 75. Kg4 Kf7 76. Kg5 Kg7 77. f6+ Kf7 78. Kf4 Kxf6 1/2-1/2


[Site "https://www.chess.com"]

[Event "Titled Tuesday Blitz March 15 Early 2022"]
[White "Niemann, Hans Moke"]
[Black "Migot, Tangi"]
[WhiteFideId "2093596"]
[BlackFideId "662445"]
[WhiteElo "2632"]
[BlackElo "2513"]
[Result "1-0"]
[Round "01"]
[TimeControl "180+1"]
[Date "2022.03.15"]
[WhiteClock "0:02:19"]
[BlackClock "0:01:33"]

1. d4 d5 2. Nc3 Bf5 3. f3 e6 4. e4 Bg6 5. h4 h5 6. Nge2 Nf6 7. Nf4 Bh7 8. e5 Nfd7 9. Bd3 Bxd3 10. Qxd3 Be7 11. Nce2 c5 12. Nxe6 Qb6 13. Nxg7+ Kf8 14. Nf5 Nc6 15. Bh6+ Ke8 16. Be3 Qxb2 17. O-O c4 18. Qd1 Qa3 19. Nf4 b5 20. Nxd5 Bd8 21. Qd2 Ba5 22. Qf2 Kd8 23. Nd6 Rh7 24. Bg5+ 1-0


[Site "https://www.chess.com"]

[Event "Titled Tuesday Blitz March 15 Early 2022"]
[White "Oganisian, Roman"]
[Black "Svane, Rasmus"]
[WhiteFideId "4153006"]
[BlackFideId "4657101"]
[WhiteElo "2204"]
[BlackElo "2645"]
[Result "0-1"]
[Round "01"]
[TimeControl "180+1"]
[Date "2022.03.15"]
[WhiteClock "0:00:12"]
[BlackClock "0:00:10"]

1. e4 c6 2. Nc3 d5 3. Nge2 d4 4. Nb1 c5 5. d3 Nc6 6. f4 e5 7. f5 g6 8. g4 h5 9. fxg6 fxg6 10. g5 h4 11. h3 Be7 12. Rg1 Be6 13. Nd2 Bxg5 14. Nf3 Bxc1 15. Nxc1 Qf6 16. Nb3 b6 17. Ng5 Bd7 18. Nd2 Nge7 19. Ndf3 O-O-O 20. Qd2 Rdf8 21. Be2 Qf4 22. O-O-O Qxd2+ 23. Kxd2 Rf4 24. Rdf1 Rhf8 25. Nxh4 Kc7 26. Rxf4 Rxf4 27. Ngf3 Rf6 28. Rg5 Kd6 29. Ng1 Be6 30. Nhf3 a5 31. h4 Bxa2 32. b3 a4 33. Bd1 axb3 34. cxb3 Na5 35. Nxe5 Nxb3+ 36. Kc2 Na5 37. Kb2 Be6 38. Ngf3 Nac6 39. h5 Nxe5 40. Nxe5 gxh5 41. Rxh5 Rf2+ 42. Kc1 Nc6 43. Nxc6 Kxc6 44. Rh6 Kd7 45. Rh7+ Kd6 46. Rh6 Ke5 47. Rh5+ Kd6 48. Rh6 Ke7 49. Rh7+ Rf7 50. Rh6 Rf1 51. Kd2 Rf2+ 52. Ke1 Rf6 53. Rh7+ Kd6 54. Rh5 Rg6 55. Be2 b5 56. Kd2 b4 57. e5+ Kc6 58. Bf3+ Bd5 59. Be4 Bxe4 60. dxe4 c4 61. Rf5 Kc5 62. Rf6 Rg2+ 63. Ke1 b3 64. Rf8 b2 65. Rc8+ Kb4 66. Rb8+ Kc3 67. e6 b1=Q+ 68. Rxb1 Rg1+ 69. Kf2 Rxb1 0-1


[Site "https://www.chess.com"]

[Event "Titled Tuesday Blitz March 15 Early 2022"]
[White "Pajeken, Jakob Leon"]
[Black "Nikulina, Alena"]
[WhiteFideId "12942839"]
[BlackFideId "4172051"]
[WhiteElo "2351"]
[BlackElo "1778"]
[Result "1-0"]
[Round "01"]
[TimeControl "180+1"]
[Date "2022.03.15"]
[WhiteClock "0:00:58"]
[BlackClock "0:00:07"]

1. d4 d5 2. c4 e6 3. Nf3 Nf6 4. Nc3 c6 5. e3 Bb4 6. Bd2 O-O 7. Bd3 Nbd7 8. O-O dxc4 9. Bxc4 Nb6 10. Bb3 a5 11. a3 Be7 12. e4 c5 13. dxc5 Bxc5 14. e5 Nfd5 15. Ne4 f5 16. exf6 Bd6 17. fxg7 Rf7 18. Nxd6 Qxd6 19. Bc3 Qf4 20. Be5 Qf5 21. Bc2 Qg4 22. Qd4 Qxd4 23. Nxd4 Nc4 24. Nf3 Rxf3 25. Bd4 Rf4 26. Rad1 Bd7 27. Rfe1 Re8 28. f3 e5 29. Bf2 Bc6 30. Bb3 Ncb6 31. Bxb6 Kxg7 32. Bxd5 Bxd5 33. Rxd5 e4 34. fxe4 Rfxe4 35. Rxe4 Rxe4 36. Bd4+ Kf7 37. Bc3 Re2 38. Rb5 Ke6 39. Rxb7 Rc2 40. Rb5 Kd6 41. Rxa5 Ke6 42. Re5+ Kd6 43. Rh5 1-0


[Site "https://www.chess.com"]

[Event "Titled Tuesday Blitz March 15 Early 2022"]
[White "Perez Gormaz, Matias"]
[Black "Eggleston, Thomas A"]
[WhiteFideId "3406342"]
[BlackFideId "412139"]
[WhiteElo "2327"]
[BlackElo "2174"]
[Result "1-0"]
[Round "01"]
[TimeControl "180+1"]
[Date "2022.03.15"]
[WhiteClock "0:00:08"]
[BlackClock "0:00:01"]

1. e4 e6 2. d4 d5 3. Nc3 Nc6 4. Nf3 Nf6 5. Bd3 Bb4 6. O-O Bxc3 7. exd5 Nxd4 8. bxc3 Nxf3+ 9. Qxf3 Qxd5 10. Qg3 O-O 11. Qxc7 Bd7 12. c4 Qh5 13. Bb2 Bc6 14. Rae1 Qg4 15. f3 Qh4 16. Re5 Rac8 17. Qa5 Rfd8 18. Qxa7 Nd7 19. Ra5 Qf4 20. Qf2 e5 21. Re1 f6 22. Bc1 Qd4 23. Qxd4 exd4 24. Bb2 Ne5 25. Bf5 Rc7 26. c5 Kh8 27. Be6 Re7 28. Bb3 Nxf3+ 29. gxf3 Rxe1+ 30. Kf2 Rde8 31. Bxd4 R1e2+ 32. Kg3 Re1 33. Bc4 Rd1 34. Bd3 h6 35. h4 g5 36. Bxf6+ Kg8 37. hxg5 hxg5 38. Bd4 Re7 39. Ra3 Bd5 40. Ra8+ Kf7 41. Rh8 Ke6 42. Rh6+ Kd7 43. Rd6+ Kc7 44. Rxd5 Rd2 45. Rxg5 Rd1 46. Kf2 Ree1 47. Rg7+ Kc6 48. Rg6+ Kc7 49. Rb6 Rh1 50. Kg2 Rhe1 51. Kf2 Rh1 52. Be5+ Kc8 53. Bf5+ Kd8 54. Rd6+ Ke7 55. Rxd1 Rxd1 56. Be4 Rb1 57. Bd6+ Kd7 58. Ke3 Rb2 59. a4 Ra2 60. f4 Rxa4 61. Bxb7 Rc4 62. Be4 Rc3+ 63. Bd3 Ra3 64. f5 Kc6 65. Kd4 Ra4+ 66. c4 Ra8 67. Be4+ 1-0


[Site "https://www.chess.com"]

[Event "Titled Tuesday Blitz March 15 Early 2022"]
[White "Perez Leiva, Jerzy Jesus"]
[Black "Sarana, Alexey"]
[WhiteFideId "3524337"]
[BlackFideId "24133795"]
[WhiteElo "2261"]
[BlackElo "2666"]
[Result "0-1"]
[Round "01"]
[TimeControl "180+1"]
[Date "2022.03.15"]
[WhiteClock "0:00:23"]
[BlackClock "0:02:18"]

1. e4 c5 2. Nf3 d6 3. d4 cxd4 4. Nxd4 Nf6 5. Nc3 a6 6. Bg5 e6 7. f4 Qb6 8. Qd2 Qxb2 9. Rb1 Qa3 10. f5 Nc6 11. Nxc6 bxc6 12. fxe6 fxe6 13. e5 dxe5 14. Be2 Be7 15. O-O O-O 16. Kh1 Ra7 17. Rb3 Qc5 18. Be3 Rd7 19. Bxc5 Rxd2 20. Bxe7 Rf7 21. Bxf6 gxf6 22. Bh5 Rf8 23. Ne4 Rxc2 24. Nxf6+ Rxf6 25. Rg3+ Kh8 26. Rd1 Rd2 27. Rb1 e4 28. h3 e5 29. Rb8 Rd8 30. Bg4 Rff8 31. Rc3 Bxg4 32. Rxd8 Rxd8 33. hxg4 Rd3 34. Rxc6 e3 35. Kh2 e2 0-1


[Site "https://www.chess.com"]

[Event "Titled Tuesday Blitz March 15 Early 2022"]
[White "Petrova, Irina"]
[Black "Kosteniuk, Alexandra"]
[WhiteFideId "14124122"]
[BlackFideId "4128125"]
[WhiteElo "1993"]
[BlackElo "2469"]
[Result "0-1"]
[Round "01"]
[TimeControl "180+1"]
[Date "2022.03.15"]
[WhiteClock "0:00:07"]
[BlackClock "0:00:48"]

1. e4 c6 2. d4 d5 3. e5 c5 4. dxc5 e6 5. a3 Bxc5 6. Qg4 Ne7 7. b4 Bb6 8. Bb2 Ng6 9. Nf3 Nc6 10. Nbd2 Bc7 11. Bd3 O-O 12. Qh5 Qe8 13. O-O h6 14. g3 a5 15. b5 Nce7 16. c4 Bb6 17. Rac1 a4 18. c5 Ba5 19. Rfd1 Nf5 20. g4 Nfe7 21. g5 Nf4 22. Qg4 Nxd3 23. gxh6 Nf5 24. hxg7 Nxg7 25. Bc3 Bd8 26. Rb1 f5 27. exf6 Bxf6 28. Bxf6 Rxf6 29. Qg3 Rg6 30. Ng5 Nxc5 31. h4 e5 32. Ndf3 Ne4 33. Qg2 Nc3 34. h5 Nxh5 0-1


[Site "https://www.chess.com"]

[Event "Titled Tuesday Blitz March 15 Early 2022"]
[White "Polster, Christian"]
[Black "Kowalczyk, Pawel"]
[WhiteFideId "12965081"]
[BlackFideId "1130641"]
[WhiteElo "2279"]
[BlackElo "2344"]
[Result "0-1"]
[Round "01"]
[TimeControl "180+1"]
[Date "2022.03.15"]
[WhiteClock "0:00:06"]
[BlackClock "0:01:06"]

1. e4 c5 2. Nf3 e6 3. Nc3 a6 4. g3 b5 5. Bg2 Bb7 6. d4 b4 7. Na4 cxd4 8. Nxd4 Nf6 9. Qe2 d6 10. O-O Nbd7 11. Rd1 Qc7 12. c3 d5 13. exd5 Bxd5 14. Bxd5 Nxd5 15. Nxe6 fxe6 16. Rxd5 O-O-O 17. Qxe6 Kb7 18. Bf4 Qc6 19. Qe4 Nf6 20. Rxd8 Qxe4 21. Rad1 Qc2 22. R8d2 Qxa4 23. cxb4 Bxb4 24. Rd4 Qb5 25. a3 Bc5 0-1


[Site "https://www.chess.com"]

[Event "Titled Tuesday Blitz March 15 Early 2022"]
[White "Postny, Evgeny"]
[Black "Shailendra, K Bajpai"]
[WhiteFideId "2804344"]
[BlackFideId "5014670"]
[WhiteElo "2483"]
[BlackElo "2242"]
[Result "1-0"]
[Round "01"]
[TimeControl "180+1"]
[Date "2022.03.15"]
[WhiteClock "0:00:10"]
[BlackClock "0:00:31"]

1. c4 c5 2. Nf3 Nf6 3. g3 e6 4. Bg2 Be7 5. O-O O-O 6. d4 cxd4 7. Nxd4 d5 8. cxd5 Nxd5 9. Nc3 Nc6 10. Nxd5 exd5 11. Be3 Bf6 12. Rc1 Nxd4 13. Bxd4 Be6 14. Qd2 Bxd4 15. Qxd4 Qa5 16. a3 Rac8 17. e3 b6 18. h4 Qb5 19. Rfd1 Rc4 20. Bf1 Rxd4 21. Bxb5 Rxd1+ 22. Rxd1 Rc8 23. Bd3 g6 24. Kg2 Kf8 25. Kf3 Ke7 26. Ke2 Kd6 27. Kd2 Bg4 28. Re1 Bf3 29. Ba6 Rc7 30. Bd3 f5 31. Be2 Be4 32. f3 Bc2 33. Rc1 Bb3 34. Rxc7 Kxc7 35. Kc3 Ba4 36. Kd4 Kd6 37. g4 fxg4 38. fxg4 h6 39. g5 hxg5 40. hxg5 Be8 41. Bg4 Bf7 42. b4 Bg8 43. Bd1 Bf7 44. Bb3 Be6 45. a4 a5 46. b5 Bf5 47. Bxd5 Bc2 48. Be4 Bxa4 49. Bxg6 Bb3 50. Bd3 a4 51. Kc3 Bg8 52. Kb4 Bb3 53. Bc4 Bc2 54. Bf7 Ke7 55. Bd5 Bf5 56. Bc4 Bg6 57. Kxa4 Bc2+ 58. Kb4 Be4 59. Kc3 Bf5 60. Kd4 Bd7 61. Bd3 Bxb5 62. Bxb5 Kd6 63. Bd3 Ke7 64. e4 Kf7 65. Bb5 Ke7 66. e5 Ke6 67. Ke4 Ke7 68. Kf5 Kf7 69. g6+ Kg7 70. Kg5 Kf8 71. Kf6 Kg8 72. Bc4+ Kh8 73. g7+ Kh7 74. g8=Q+ Kh6 75. Qh8# 1-0


[Site "https://www.chess.com"]

[Event "Titled Tuesday Blitz March 15 Early 2022"]
[White "Priasmoro, Novendra"]
[Black "Spitzl, Vinzent"]
[WhiteFideId "7105029"]
[BlackFideId "12901253"]
[WhiteElo "2309"]
[BlackElo "2160"]
[Result "0-1"]
[Round "01"]
[TimeControl "180+1"]
[Date "2022.03.15"]
[WhiteClock "0:00:56"]
[BlackClock "0:00:03"]

1. Nf3 Nf6 2. g3 e6 3. Bg2 d5 4. d4 Be7 5. O-O O-O 6. c4 dxc4 7. Qc2 a6 8. a4 Bd7 9. Qxc4 Bc6 10. a5 Bd5 11. Qc2 Be4 12. Qd1 c5 13. Nbd2 Bc6 14. dxc5 Bxc5 15. Qc2 Nbd7 16. Nc4 Qe7 17. Bf4 Nd5 18. Ng5 g6 19. Ne4 Nxf4 20. gxf4 Ba7 21. Rad1 Nc5 22. Ne5 Bxe4 23. Bxe4 Nxe4 24. Qxe4 Rfd8 25. e3 Bc5 26. Kh1 Bb4 27. Nc4 Rxd1 28. Rxd1 Rd8 29. Rg1 Qd7 30. Kg2 Qd5 31. Kf3 f5 32. Qxd5 exd5 33. Rd1 Kf7 34. Ke2 Ke6 35. Kf3 Rc8 36. Nb6 Rc5 37. h4 Bxa5 38. Na4 Rc6 39. b3 Bc7 40. Nb2 b5 41. Nd3 Bd6 42. b4 Rc3 43. Ke2 Rc2+ 44. Kf3 Rc3 45. Rd2 Ke7 46. Ke2 Ke6 47. Ra2 Rc6 48. Rb2 h5 49. Ne1 Be7 50. Nf3 Bf6 51. Ra2 Kd6 52. Kd3 Kc7 53. Ne5 Bxe5 54. fxe5 Kd7 55. f4 Ke6 56. Rc2 Rxc2 57. Kxc2 Kd7 58. Kc3 Ke7 59. Kd3 Kd7 60. Kd4 Kc6 61. e6 Kd6 62. e7 Kxe7 63. Kxd5 Kd7 64. Ke5 Kc6 65. Kf6 a5 66. bxa5 b4 67. Kxg6 b3 68. Kxf5 b2 69. Kg5 b1=Q 70. f5 Qe4 71. f6 Qxe3+ 72. Kxh5 Qf3+ 73. Kg6 Qg4+ 74. Kf7 Qxh4 75. Ke7 Qb4+ 76. Ke8 Kd6 77. f7 Qb8# 0-1


[Site "https://www.chess.com"]

[Event "Titled Tuesday Blitz March 15 Early 2022"]
[White "Rosen, Eric"]
[Black "Cavanah, Troy"]
[WhiteFideId "2032562"]
[BlackFideId "30949670"]
[WhiteElo "2362"]
[BlackElo "1878"]
[Result "1-0"]
[Round "01"]
[TimeControl "180+1"]
[Date "2022.03.15"]
[WhiteClock "0:00:26"]
[BlackClock "0:00:10"]

1. d4 Nf6 2. Bf4 d5 3. e3 c5 4. Nf3 Nc6 5. Nbd2 Bf5 6. dxc5 e6 7. Nd4 Bxc5 8. Nxf5 exf5 9. Bd3 Ne4 10. c3 O-O 11. O-O Qe7 12. Nb3 Bd6 13. Bxd6 Qxd6 14. Qf3 Ne5 15. Qe2 Ng4 16. g3 Qh6 17. f3 Nxe3 18. fxe4 Nxf1 19. Rxf1 fxe4 20. Bc2 a6 21. Nd4 Qb6 22. Bb3 Rad8 23. Kg2 Qc5 24. Qg4 Rd6 25. Rf5 Rg6 26. Qxe4 Qxc3 27. bxc3 dxe4 28. Re5 h6 29. Rxe4 Rg5 30. Re7 Rc5 31. Ne2 a5 32. Rxb7 g6 33. h4 h5 34. Kh3 Kg7 35. Nf4 Kg8 36. Nxg6 a4 37. Nxf8 axb3 38. axb3 Kxf8 39. c4 Kg7 40. Rb5 1-0


[Site "https://www.chess.com"]